AoeStats
← Khirs

Black Forest

505053164Analyzed
4v4 RM · 25d ago on Sep 7, 2026· 46m 25s· 8 players
Game mode
Random Map
Map size
Large (8 player)
Population
200
Speed
Normal
Resources
Standard
Victory
Conquest
Starting age
Dark Age
Ending age
Imperial Age
RankedLock teamsTeams togetherTeam positionsShared explorationLock speedFull tech treeHidden civsTurbo modeCheats
Victory
Defeat
🇺🇦 Mongols · Ukraine
1016
+13
🇧🇷 Khmer · Brazil
1011
+13
🇻🇪 Vikings · Venezuela
1004
+13
🇹🇼 Persians · Taiwan
935
+16
🇬🇧 Ethiopians · United Kingdom
989
-16
🇹🇷 Franks · Türkiye
940
-14
🇮🇪 Spanish · Ireland
934
-13
🇪🇸 Teutons · Spain
894
-12
Khirs
0:40 Loom
20:13 Feudal Age
20:44 Double-Bit Axe
21:36 Horse Collar
29:18 Castle Age
27:23 Stone Mining
28:04 Gold Mining
30:08 Heavy Plow
30:24 Bow Saw
31:18 Stone Shaft Mining
33:19 Fortified Wall
34:18 Masonry
34:06 Fletching
35:09 Bodkin Arrow
35:57 Ironclad
38:25 Forging
43:00 Imperial Age
41:22 Scale Mail Armor
42:53 Chain Mail Armor
43:52 Ballistics
44:29 Plate Mail Armor
46:29 Chemistry
46:03 Crenellations
46:39 Iron Casting
q721372930
0:30 Loom
14:06 Feudal Age
19:57 Castle Age
21:01 Stone Mining
21:01 Double-Bit Axe
21:12 Horse Collar
27:35 Gold Mining
28:22 Stone Shaft Mining
27:58 Heavy Plow
29:15 Bow Saw
30:51 Wheelbarrow
34:30 Imperial Age
35:16 Hand Cart
34:47 Town Watch
35:56 Illumination
35:48 Redemption
35:59 Sanctity
35:51 Fervor
Quetzalcoatl
13:00 Feudal Age
14:19 Loom
17:35 Castle Age
16:36 Double-Bit Axe
18:56 Wheelbarrow
18:38 Horse Collar
19:37 Heavy Plow
20:44 Bow Saw
23:16 Gold Mining
27:47 Hand Cart
28:26 Scale Mail Armor
28:37 Forging
29:05 Gold Shaft Mining
31:38 Imperial Age
29:22 Town Watch
30:34 Iron Casting
30:15 Chain Mail Armor
31:39 Elite Shotel Warrior
33:45 Chemistry
32:50 Siege Engineers
33:18 Plate Mail Armor
33:48 Blast Furnace
32:57 Royal Heirs
34:08 Fletching
34:37 Stone Mining
34:59 Torsion Engines
37:04 Squires
36:50 Arson
38:03 Bodkin Arrow
40:40 Bracer
41:37 Theocracy
41:35 Illumination
42:33 Careening
42:35 Masonry
42:33 Murder Holes
cmblqn
4:09 Loom
13:12 Feudal Age
14:47 Wheelbarrow
14:07 Double-Bit Axe
14:37 Gold Mining
14:39 Stone Mining
22:46 Castle Age
21:44 Town Watch
21:51 Town Watch
23:52 Bow Saw
25:29 Hand Cart
25:42 Husbandry
26:39 Gold Shaft Mining
26:34 Scale Barding Armor
26:40 Forging
26:24 Fletching
32:00 Imperial Age
31:09 Chain Barding Armor
31:25 Iron Casting
30:56 Bodkin Arrow
33:23 Masonry
32:43 Cavalier
34:14 Plate Barding Armor
34:42 Blast Furnace
35:02 Paladin
38:05 Chivalry
43:50 Ballistics
44:30 Chemistry
45:47 Caravan
the King
0:31 Loom
14:04 Feudal Age
14:53 Double-Bit Axe
14:51 Horse Collar
23:00 Castle Age
22:39 Stone Mining
25:28 Fletching
25:39 Padded Archer Armor
30:46 Gold Mining
35:15 Imperial Age
32:48 Heavy Plow
34:11 Scale Mail Armor
35:14 Caravan
36:03 Forging
36:08 Chain Mail Armor
36:26 Conscription
35:58 Onager
38:40 Chemistry
38:01 Ballistics
39:05 Elite Berserk
41:52 Plate Mail Armor
41:58 Iron Casting
45:43 Blast Furnace
Hunter
11:09 Feudal Age
13:56 Castle Age
12:27 Double-Bit Axe
14:46 Horse Collar
21:12 Heavy Plow
21:41 Bow Saw
27:22 Imperial Age
25:53 Bloodlines
26:08 Husbandry
27:01 Scale Barding Armor
27:07 Forging
27:36 Elite Battle Elephant
28:44 Chain Barding Armor
29:33 Wheelbarrow
28:46 Loom
30:00 Iron Casting
29:46 Gold Mining
29:48 Stone Mining
30:33 Crop Rotation
31:51 Plate Barding Armor
32:16 Blast Furnace
43:36 Tusk Swords
FAKEDICK
10:35 Feudal Age
16:35 Castle Age
26:16 Horse Collar
30:14 Imperial Age
28:24 Heavy Plow
28:13 Double-Bit Axe
28:36 Caravan
30:02 Bow Saw
31:49 Wheelbarrow
32:05 Town Watch
33:16 Hand Cart
34:58 Two-Man Saw
34:47 Crop Rotation
34:46 Conscription
34:20 Gold Mining
35:04 Coinage
35:25 Town Patrol
37:13 Chemistry
36:34 Ballistics
36:34 Stone Mining
37:19 Gold Shaft Mining
37:02 Guilds
37:08 Scale Barding Armor
37:14 Forging
40:14 Elite War Elephant
41:09 Citadels
43:10 Fervor
43:55 Stone Shaft Mining
44:35 Devotion
45:03 Kamandaran
47:24 Faith
KabaH4iK
8:27 Loom
11:52 Feudal Age
15:45 Castle Age
14:04 Horse Collar
14:19 Double-Bit Axe
14:49 Horse Collar
16:39 Bow Saw
17:12 Heavy Plow
23:24 Wheelbarrow
22:47 Gold Mining
24:40 Hand Cart
25:34 Gold Shaft Mining
26:33 Forging
26:14 Fletching
26:32 Scale Barding Armor
27:49 Iron Casting
31:42 Imperial Age
30:32 Chain Barding Armor
30:38 Caravan
32:07 Husbandry
32:19 Bloodlines
31:51 Onager
33:05 Elite Steppe Lancer
34:43 Siege Onager
36:09 Heavy Camel Rider
38:19 Conscription
38:23 Drill
38:06 Nomads
43:53 Blast Furnace
Connection lost

Rejoining the realm…

Still unreachable

The connection could not be restored.

Session expired

The server has moved on; the page needs a fresh start.